 Dungeon Crawl Stone Soup version 0.30-a0-800-g7c544603b3 (webtiles) character file.

Game seed: 4751863889733413142

14185 Iich the Severer (level 12, -2/118 HPs)
             Began as a Hill Orc Fighter on Feb 21, 2023.
             Was an Initiate of Gozag.
             Slain by a 13-headed hydra (9 damage)
             ... on level 2 of the Lair of Beasts.
             The game lasted 00:17:25 (12019 turns).

Iich the Severer (Hill Orc Fighter)                Turns: 12019, Time: 00:17:26

Health: -2/118     AC: 21    Str: 20    XL:     12   Next: 13%
Magic:  12/12      EV:  8    Int:  8    God:    Gozag
Gold:   910        SH:  5    Dex: 20    Spells: 11/11 levels left

rFire   + . .      SeeInvis .    a - +0 war axe
rCold   + . .      Faith    .    c - +0 buckler
rNeg    . . .      Spirit   .    M - +0 gold dragon scales of Dishonesty {rElec rPois rF+ rC+ rCorr Slay+3}
rPois   +          Reflect  .    f - +1 helmet
rElec   +          Harm     .    A - +0 cloak
rCorr   +          Rampage  .    (no gloves)
Will    .....                    (no boots) Stlth
                                 o - amulet of regeneration
HPRegen 1.19/turn                P - +5 ring of evasion
MPRegen 0.13/turn                L - +6 ring of dexterity

@: gold aura, studying Fighting
A: iridescent scales 1
a: Renounce Religion, Potion Petition, Call Merchant, Bribe Branch


You were on level 2 of the Lair of Beasts.
You worshipped Gozag.
Gozag was pleased with you.
You visited 3 branches of the dungeon, and saw 13 of its levels.
You also visited: Sewer.

You collected 1895 gold pieces.
You spent 534 gold pieces at shops.
You paid 451 gold pieces to Gozag.

Inventory:

Hand Weapons
 a - a +0 war axe (weapon)
 J - a +0 flail
Missiles
 E - 2 throwing nets (quivered)
Armour
 c - a +0 buckler (worn)
 f - a +1 helmet (worn)
 A - a +0 cloak (worn)
 M - the +0 gold dragon scales of Dishonesty (worn) {rElec rPois rF+ rC+ rCorr Slay+3}
   (You found it on level 7 of the Dungeon)

   Slay:      It affects your accuracy & damage with ranged weapons and melee
   (+3).
   rF:        It protects you from fire.
   rC:        It protects you from cold.
   rElec:     It insulates you from electricity.
   rPois:     It protects you from poison.
   rCorr:     It protects you from acid and corrosion.
Jewellery
 o - an amulet of regeneration (around neck)
 t - a ring of poison resistance
 G - a ring of protection from cold
 L - a +6 ring of dexterity (right hand)
 P - a +5 ring of evasion (left hand)
 Q - a ring of resist corrosion
 T - a +6 ring of strength
Wands
 x - a wand of flame (12)
 y - a wand of paralysis (4)
 D - a wand of iceblast (5)
 R - a wand of light (5)
Scrolls
 h - a scroll of torment
 l - a scroll of noise
 m - 2 scrolls of teleportation
 n - a scroll of vulnerability
 q - 2 scrolls of fear
 r - 3 scrolls of blinking
 v - 2 scrolls of magic mapping
 w - 2 scrolls of poison
 H - 3 scrolls of fog
 K - 2 scrolls of butterflies
 S - a scroll of immolation
 V - a scroll of enchant weapon
Potions
 d - 5 potions of might
 e - 5 potions of curing
 g - a potion of haste
 i - 2 potions of heal wounds
 j - 2 potions of mutation
 k - 2 potions of cancellation
 p - a potion of berserk rage
 s - a potion of magic
 u - a potion of lignification {unknown}
 z - a potion of attraction
 B - a potion of ambrosia {unknown}
 F - 2 potions of brilliance
 O - a potion of flight
 U - a potion of resistance
Miscellaneous
 N - a box of beasts (inert)
 W - a lightning rod (4/4)


   Skills:
 + Level 14.8 Fighting
 * Level 18.9 Axes
 + Level 7.8 Armour
 - Level 3.2 Shields


You had 11 spell levels left.
You didn't know any spells.
Your spell library contained the following spells:

 Spells                   Type           Power      Damage    Failure   Level
 Necrotise                Necr           0%         1d4       100%        1
 Sandblast                Erth           0%         2d4       100%        1
 Passwall                 Tmut/Erth      0%         N/A       100%        2
 Stone Arrow              Conj/Erth      0%         3d7       100%        3
 Vampiric Draining        Necr           0%         2d6       100%        3
 Agony                    Necr           0%         N/A       100%        5
 Iskenderun's Battlesphe  Conj           0%         2d6       100%        5
 Summon Forest            Summ/Tloc      0%         N/A       100%        5
 Iron Shot                Conj/Erth      0%         9d1       100%        6
 Statue Form              Tmut/Erth      0%         N/A       100%        6
 Spellforged Servitor     Conj/Summ      0%         N/A       100%        7


Dungeon Overview and Level Annotations

Branches:
Dungeon (10/15)            Temple (1/1) D:7            Lair (2/5) D:9
    Orc (0/2) D:9           Sewer (visited)
  Swamp: Lair:2-3    Shoals: Lair:2-3     Snake: Lair:2-3    Spider: Lair:2-3

Altars:
Ashenzari
Cheibriados
Dithmenos
Elyvilon
Fedhas
Gozag
Hepliaklqana
Kikubaaqudgha
Makhleb
Nemelex Xobeh
Okawaru
Qazlal
Ru
Sif Muna
Trog
Uskayaw
Vehumet
Wu Jian
Xom
Yredelemnul
Zin
The Shining One
Beogh

Shops:
D:7 (   D:10 ?=

Annotations:
D:9 3 runed translucent doors, retardedninja's ghost, journeyman GnFi


Innate Abilities, Weirdness & Mutations

You are partially covered in iridescent scales. (AC +2)


Message History

The nine-headed hydra grows two more!
You slash the 11-headed hydra!
The 11-headed hydra is moderately wounded.
You block the 11-headed hydra's attack.
The 11-headed hydra bites you but does no damage. x3
You block the 11-headed hydra's attack.
The 11-headed hydra bites you but does no damage.
The 11-headed hydra barely misses you. x2
The 11-headed hydra bites you but does no damage.
The 11-headed hydra bites you.
The 11-headed hydra bites you but does no damage.
You hack one of the 11-headed hydra's heads off!
The ten-headed hydra grows two more!
You slash the 12-headed hydra!
The 12-headed hydra is moderately wounded.
You chop one of the 12-headed hydra's heads off!
The 11-headed hydra grows two more!
You hit the 13-headed hydra.
The 13-headed hydra is lightly wounded.
The 13-headed hydra closely misses you. The 13-headed hydra misses you.
The 13-headed hydra bites you!
You block the 13-headed hydra's attack. x2
The 13-headed hydra bites you but does no damage.
The 13-headed hydra bites you!
* * * LOW HITPOINT WARNING * * *
The 13-headed hydra bites you but does no damage.
The 13-headed hydra bites you.
* * * LOW HITPOINT WARNING * * *
The 13-headed hydra bites you but does no damage.
The 13-headed hydra closely misses you. x2
The 13-headed hydra bites you but does no damage.
You barely miss the 13-headed hydra.
The 13-headed hydra is lightly wounded.
The 13-headed hydra bites you but does no damage. x3
The 13-headed hydra bites you!
* * * LOW HITPOINT WARNING * * *
The 13-headed hydra barely misses you. The 13-headed hydra bites you!
* * * LOW HITPOINT WARNING * * *
The 13-headed hydra bites you but does no damage. x2
You block the 13-headed hydra's attack. The 13-headed hydra bites you!
* * * LOW HITPOINT WARNING * * *
The 13-headed hydra bites you!
You die...
Your body crumbles into a pile of gold.

...................
~~.................
≈≈~..............##
≈≈≈~..............P
≈≈≈~~.............
≈≈≈≈~..!.......##
~≈≈≈~...........# #####
.~~~≈.D@$.....# ##.#..
.......$......#####<....
.####............=...#..
#...........########
..........#### #
P≈P.........#
≈≈≈≈~.......##
~~~♣♣♣....... ≈≈......


You could see a 13-headed hydra.

Vanquished Creatures
  Erica (Lair:1)
  A two-headed ogre (D:10)
  3 cyclopes (D:7)
  2 black mambas (Lair:1)
  3 cane toads
  A rime drake (Lair:1)
  2 trolls
  2 hornets
  Grinder (D:5)
  A slime creature (D:7)
  A shadow (D:7)
  2 wyverns
  A basilisk (Lair:1)
  29 yaks
  A vampire (D:10)
  Eustachio (D:6)
  2 steam dragons
  Edmund (D:4)
  An acid dragon (D:10)
  A water moccasin (Lair:2)
  Duvessa (D:6)
  An ice beast (D:6)
  6 orc warriors
  A sky beast (D:7)
  An ogre (D:5)
  2 centaurs
  2 kobold brigands
  A phantom (D:7)
  4 bullfrogs
  Blork the orc (D:5)
  A gnoll sergeant (D:9)
  3 scorpions
  Dowan (D:5)
  5 wights (D:9)
  3 howler monkeys
  2 jellies
  6 orc priests
  A gnoll bouda (D:7)
  Ijyb (D:5)
  4 iguanas
  9 orc wizards
  A statue (D:4)
  11 gnolls
  14 adders
  2 shadow imps
  2 white imps
  2 ufetubi
  5 worms
  2 dart slugs
  45 orcs
  9 ball pythons
  5 bats
  12 endoplasms
  11 giant cockroaches
  9 goblins
  10 hobgoblins
  4 jackals (D:3)
  8 quokkas
  10 frilled lizards
  15 kobolds
  10 rats
300 creatures vanquished.

Vanquished Creatures (others)
  2 fungi
  48 plants
50 creatures vanquished.

Grand Total: 350 creatures vanquished

Notes
Turn   | Place    | Note
-------+----------+-------------------------------------------
     0 | D:1      | Iich the Hill Orc Fighter began the quest for the Orb.
     0 | D:1      | Reached XP level 1. HP: 19/19 MP: 1/1
    67 | D:1      | Reached skill level 3 in Axes
   126 | D:1      | Reached XP level 2. HP: 24/27 MP: 2/2
   273 | D:1      | Reached skill level 4 in Axes
   395 | D:1      | Reached XP level 3. HP: 27/33 MP: 3/3
  1063 | D:2      | Reached XP level 4. HP: 40/41 MP: 4/4
  1117 | D:2      | Reached skill level 5 in Axes
  1223 | D:2      | Gained mutation: You are partially covered in iridescent
                  | scales. (AC +2) [potion of mutation]
  1279 | D:2      | Found a faded altar of an unknown god.
  1459 | D:3      | Identified the +0 ring mail "Axkiyjo" {rPois rN+ MP-9
                  | Slay+2}
  1741 | D:3      | Found a glowing drain.
  1774 | Sewer    | Entered a sewer
  1816 | Sewer    | Reached XP level 5. HP: 47/47 MP: 0/5
  1966 | Sewer    | Reached skill level 6 in Axes
  1976 | Sewer    | Reached skill level 5 in Fighting
  2058 | Sewer    | Reached XP level 6. HP: 48/56 MP: 0/6
  2061 | Sewer    | Reached skill level 7 in Axes
  2079 | Sewer    | Got the Octavo of Collective Orogeny
  2632 | D:3      | Found a shimmering altar of Xom.
  2819 | D:4      | Found a radiant altar of Vehumet.
  2918 | D:4      | Noticed Edmund
  2931 | D:4      | Killed Edmund
  2932 | D:4      | Reached skill level 8 in Axes
  2932 | D:4      | Reached XP level 7. HP: 8/63 MP: 0/7
  3194 | D:4      | Found a broken altar of Ashenzari.
  3273 | D:4      | Found an iron altar of Okawaru.
  3557 | D:5      | Entered Level 5 of the Dungeon
  3615 | D:5      | Reached skill level 9 in Axes
  3959 | D:5      | Noticed Grinder
  3966 | D:5      | Noticed Ijyb
  3968 | D:5      | Noticed Blork the orc
  4000 | D:5      | Killed Blork the orc
  4001 | D:5      | Reached XP level 8. HP: 68/73 MP: 0/8
  4024 | D:5      | Found a white marble altar of Elyvilon.
  4025 | D:5      | Paralysed by Grinder for 3 turns
  4031 | D:5      | Killed Ijyb
  4039 | D:5      | Killed Grinder
  4040 | D:5      | Reached skill level 10 in Axes
  4483 | D:5      | Reached skill level 11 in Axes
  4902 | D:6      | Noticed Dowan
  4904 | D:6      | Noticed Eustachio
  4905 | D:6      | Noticed Duvessa
  5067 | D:6      | Killed Duvessa
  5082 | D:5      | Killed Dowan
  5201 | D:6      | Killed Eustachio
  5202 | D:6      | Reached skill level 12 in Axes
  5403 | D:6      | Reached XP level 9. HP: 77/82 MP: 0/9
  5999 | D:6      | Found a shimmering blue altar of Sif Muna.
  6340 | D:7      | Noticed a troll
  6342 | D:7      | Noticed a cyclops
  6343 | D:7      | Noticed a cyclops
  6503 | D:7      | Reached skill level 13 in Axes
  6512 | D:7      | Killed a cyclops
  6678 | D:7      | Killed a troll
  6679 | D:7      | Reached skill level 14 in Axes
  6687 | D:7      | Noticed a cyclops
  6701 | D:7      | Killed a cyclops
  6702 | D:7      | Reached skill level 10 in Fighting
  6702 | D:7      | Reached XP level 10. HP: 52/93 MP: 10/10
  6880 | D:7      | Killed a cyclops
  6881 | D:7      | Reached skill level 15 in Axes
  7227 | D:7      | Found a staircase to the Ecumenical Temple.
  7250 | D:7      | Found Raolecoz's Weapon Shoppe.
  7264 | Temple   | Entered the Ecumenical Temple
  7277 | Temple   | Became a worshipper of Gozag Ym Sagoz the Greedy
  7332 | D:7      | Found a shadowy altar of Dithmenos.
  8127 | D:7      | Identified the +0 gold dragon scales of Dishonesty {rElec
                  | rPois rF+ rC+ rCorr Slay+3}
  8724 | D:8      | Identified a scroll of acquirement
  8732 | D:8      | Found a glowing silver altar of Zin.
  8733 | D:8      | Acquired a manual of Fighting
  8768 | D:8      | Found an ornate altar of the Wu Jian Council.
  8918 | D:8      | Found a stormy altar of Qazlal.
  9043 | D:9      | Found a runed translucent gate.
  9093 | D:9      | Reached skill level 16 in Axes
  9342 | D:9      | Found a runed translucent gate.
  9342 | D:9      | Found a runed translucent gate.
  9343 | D:9      | Noticed a ten-headed hydra
  9343 | D:9      | Noticed an 11-headed hydra
  9344 | D:9      | Noticed retardedninja's ghost (journeyman GnFi)
  9351 | D:9      | Found a staircase to the Lair.
  9381 | D:9      | Reached skill level 5 in Armour
  9390 | D:9      | Reached XP level 11. HP: 44/104 MP: 11/11
  9718 | D:9      | Reached skill level 17 in Axes
  9741 | D:9      | Found a hazy altar of Hepliaklqana.
  9836 | D:9      | Found a staircase to the Orcish Mines.
  9906 | D:9      | Found a roughly hewn altar of Beogh.
 10085 | D:10     | Entered Level 10 of the Dungeon
 10209 | D:10     | Found Muyruc's Jewellery Boutique.
 10213 | D:10     | Bought an amulet of regeneration for 330 gold pieces
 10466 | D:10     | Identified the +1 chain mail "Zeuru" {rCorr Dex+2}
 10537 | D:10     | Found Jeong's Magic Scroll Emporium.
 10545 | D:10     | Bought a scroll of blinking for 90 gold pieces
 10545 | D:10     | Bought a scroll of identify for 24 gold pieces
 10545 | D:10     | Bought a scroll of enchant weapon for 90 gold pieces
 10597 | D:10     | Found a burning altar of Makhleb.
 10678 | D:10     | Found a basalt altar of Yredelemnul.
 10679 | D:10     | Noticed a two-headed ogre
 10686 | D:10     | Killed a two-headed ogre
 10744 | Lair:1   | Entered Level 1 of the Lair of Beasts
 11121 | Lair:1   | Reached skill level 18 in Axes
 11343 | Lair:1   | Noticed Erica
 11362 | Lair:1   | Killed Erica
 11363 | Lair:1   | Reached XP level 12. HP: 41/118 MP: 12/12
 12002 | Lair:2   | Noticed a five-headed hydra
 12019 | Lair:2   | Slain by a 13-headed hydra

Illustrated notes

Levels and vault maps discovered:
D:1:      dpeg_arrival_rooms_a, layout_loops_ring
D:2:      layout_rooms, shapermc_ecumenical_altar_mp_vishouse,
          minmay_pentomino_x2
D:3:      layout_loops_ring, mainiacjoe_overflow_cross_hatched,
          portal_sewer_entry_b
D:4:      layout_loops_cross, cheibrodos_ashenzari_chains,
          mainiacjoe_overflow_chevrons, vehumet_statue, serial_bayou,
          serial_bayou_pond_b, serial_bayou_lagoon_a, serial_bayou_shore_b,
          serial_bayou_pond_a, uniq_edmund
D:5:      layout_layer_cave, nicolae_elyvilon_peaceful_grove,
          uniq_blork_the_orc, uniq_grinder, uniq_ijyb
D:6:      layout_rooms, led_sif_book, uniq_duvessa, uniq_eustachio
D:7:      minmay_blocky_corners, layout_basic, nicolae_dithmenos_shadow_blocks,
          minmay_temple_entry_waves, enter_bailey_8, serial_shops,
          nicolae_shop_bloodbath_and_beyond, serial_corexii_hall,
          corexii_hall_statues_deadend, chequers_hall_statues_wall_a
D:8:      corexii_shack_village, layout_cave_pools, kennysheep_mini,
          mainiacjoe_overflow_alcove_2,
          mainiacjoe_overflow_concentric_impassable
D:9:      layout_big_octagon, nzn_hepliaklqana_mist_gate,
          minmay_orc_entry_temple_small, gammafunk_ghost_hydra_chop
D:10:     layout_roguey, lightli_temple_of_fire, mainiacjoe_overflow_catwalk,
          serial_shops, shop, nicolae_shop_temple_entry_statues_fountains,
          minmay_misc_feat_secret_circle
Temple:   nicolae_temple_ecumenical_triangle
Lair:1:   layout_hall_layers, uniq_erica
Lair:2:   layout_layer_cave, minmay_swamp_entry_reptiles, ldierk_geyser,
          nicolae_lair_grazing_beasts [nicolae_sub_lair_graze_edge,
          nicolae_sub_lair_graze_edge, nicolae_sub_lair_graze_edge,
          nicolae_sub_lair_graze_edge], infiniplex_staircase_pool

Skill      XL: |  1  2  3  4  5  6  7  8  9 10 11 |
---------------+----------------------------------+-----
Axes           | 3 4 5 6 8 9 12 14 16 18 | 18.9
Fighting       | 4 5 6 7 8 10 12 14 | 14.8
Armour         | 5 7 |  7.8
Shields        | |  3.2

Action                     |  1- 3 |  4- 6 |  7- 9 | 10-12 || total
---------------------------+-------+-------+-------+-------++-------
  Melee: War axe           |   112 |   223 |   247 |   419 ||  1001
 Invoke: Potion Petition   |       |       |       |     1 ||     1
  Evoke: Wand              |       |       |     6 |     1 ||     7
         Box of beasts     |       |       |       |     1 ||     1
    Use: Scroll            |       |     5 |     5 |     9 ||    19
         Potion            |       |     3 |     3 |     5 ||    11
   Stab: Paralysed         |       |       |    10 |       ||    10
         Distracted        |       |       |       |     2 ||     2
 Armour: Scale mail        |    52 |    14 |    28 |    21 ||   115
         Ring mail         |       |    98 |    80 |       ||   178
         Gold dragon scale |       |       |       |   171 ||   171
  Dodge: Dodged            |    44 |   106 |   123 |    92 ||   365
  Block: Buckler           |    23 |    45 |    38 |    99 ||   205

Table legend: (Time is in decaauts)
 A = Elapsed time spent in this place.
 B = Non-inter-level travel time spent in this place.
 C = Inter-level travel time spent in this place.
 D = Time resting spent in this place.
 E = Time spent auto-exploring this place.
 F = Levels seen in this place.
 G = Mean time per level.
                   A        B        C        D        E       F      G
               +--------+--------+--------+--------+--------+-----+--------+
         Total |  12084 |  11655 |    429 |    608 |   8318 |  14 |  863.1 |
       Dungeon |  10127 |   9717 |    410 |    608 |   6890 |  10 | 1012.7 |
        Temple |     32 |     32 |      0 |      0 |      6 |   1 |   32.0 |
          Lair |   1254 |   1235 |     19 |      0 |   1050 |   2 |  627.0 |
         Sewer |    670 |    670 |      0 |      0 |    372 |   1 |  670.0 |
               +--------+--------+--------+--------+--------+-----+--------+

Top non-repeatable levels by time:
     D:7: 1801 daAuts
     D:5: 1782 daAuts
  Lair:1: 1145 daAuts
     D:9: 1090 daAuts
     D:6: 980 daAuts
     D:1: 922 daAuts
     D:4: 862 daAuts
     D:3: 833 daAuts
     D:8: 767 daAuts
   Sewer: 670 daAuts
    D:10: 617 daAuts
     D:2: 469 daAuts
  Lair:2: 109 daAuts
  Temple: 32 daAuts
